 Dungeon Crawl Stone Soup version 0.31-a0-569-g7ea453304b (console) character file.

Game seed: 8890460956811244708

445 Lexodia the Cudgeller (level 7, -3/70 HPs)
             Began as an Ogre Gladiator on Aug 18, 2023.
             Was a Priest of Dithmenos.
             Frozen to death by blacky4's ghost (6 damage)
             ... on level 4 of the Dungeon.
             The game lasted 00:09:04 (4304 turns).

Lexodia the Cudgeller (Ogre Gladiator)              Turns: 4304, Time: 00:09:05

Health: -3/70      AC:  3    Str: 21    XL:     7   Next: 3%
Magic:  8/8        EV: 10    Int:  9    God:    Dithmenos [***...]
Gold:   181        SH:  0    Dex: 10    Spells: 6/6 levels left

rFire   . . .        p - +1 short sword (elec)
rCold   . . .        (no shield)
rNeg    . . .        b - +0 robe
rPois   +            c - +0 hat
rElec   .            (no cloak)
rCorr   .            (gloves unavailable)
SInv    .            (boots unavailable)
Will    .....        (no amulet)
Stlth   +++          o - ring of poison resistance
HPRegen 0.31/turn    n - ring of flight
MPRegen 0.11/turn

%: no passive effects
@: flying, wreathed by umbra
A: large, unfitting armour, tough skin 1
a: Renounce Religion, Shadow Step


You were on level 4 of the Dungeon.
You worshipped Dithmenos.
Dithmenos was most pleased with you.
You visited 1 branch of the dungeon, and saw 4 of its levels.

You collected 181 gold pieces.

Inventory:

Hand Weapons
 a - a +0 flail
 p - a +1 short sword of electrocution (weapon)
 z - a +1 spectral quarterstaff
Missiles
 d - 3 throwing nets (quivered)
 u - 8 poisoned darts
 v - 42 stones
 x - 9 boomerangs
 A - 4 datura-tipped darts
Armour
 b - a +0 robe (worn)
 c - a +0 hat (worn)
Magical Staves
 C - a staff of poison
Jewellery
 k - a +6 ring of intelligence
 m - a ring of wizardry
 n - a ring of flight (right hand)
 o - a ring of poison resistance (left hand)
 t - a ring of protection from cold
Wands
 B - a wand of polymorph (10)
Scrolls
 f - 2 scrolls of teleportation {unknown}
 g - a scroll of silence {unknown}
 i - 4 scrolls of poison {unknown}
 j - 3 scrolls of immolation {unknown}
 l - 2 scrolls of blinking {unknown}
 r - 2 scrolls of amnesia {unknown}
 s - 2 scrolls of enchant weapon {unknown}
 y - a scroll of vulnerability {unknown}
 D - a scroll of identify {unknown}
Potions
 h - a potion of heal wounds {unknown}
 q - a potion of brilliance {unknown}
 w - a potion of lignification {unknown}
 E - a potion of curing {unknown}


   Skills:
 - Level 4.0 Fighting
 + Level 4.2 Maces & Flails
 + Level 3.4 Throwing
 + Level 3.4 Dodging
 + Level 2.7 Stealth
 + Level 1.5 Invocations


You had 6 spell levels left.
You didn't know any spells.
Your spell library contained the following spells:

 Spells                   Type           Power      Damage    Failure   Level
 Sting                    Tmut/Pois      0%         1d3       38%         1
 Ensorcelled Hibernation  Hex/Ice        0%         N/A       52%         2
 Poisonous Vapours        Pois/Air       0%         N/A       52%         2
 Anguish                  Hex/Necr       0%         N/A       99%         4
 Olgreb's Toxic Radiance  Pois           0%         N/A       99%         4


Dungeon Overview and Level Annotations

Branches:
Dungeon (4/15)
 Temple: D:4-7

Altars:
Dithmenos

Annotations:
D:4 blacky4's ghost, novice DsIE


Innate Abilities, Weirdness & Mutations

You are too large for most types of armour.
You have tough skin. (AC +1)


Message History

Blacky4's ghost freezes you.
You are frozen!
* * * LOW HITPOINT WARNING * * *
Huge Dmg: -21%(-15hp) hp: 29%(20hp)
You barely miss blacky4's ghost.
Blacky4's ghost is severely damaged.
Blacky4's ghost barely misses you.
You closely miss blacky4's ghost.
Blacky4's ghost is severely damaged.
Blacky4's ghost freezes you.
You are frozen!
* * * LOW HITPOINT WARNING * * *
Huge Dmg: -15%(-11hp) hp: 15%(10hp)
You hit blacky4's ghost.
Blacky4's ghost is severely damaged.
Blacky4's ghost freezes you.
You are frozen.
* * * LOW HITPOINT WARNING * * *
Huge Dmg: -6%(-4hp) hp: 9%(6hp)
You hit blacky4's ghost.
Lightning courses through blacky4's ghost!
Blacky4's ghost is almost destroyed.
Blacky4's ghost freezes you.
You are frozen.
* * * LOW HITPOINT WARNING * * *
Damage: -1%(-1hp) hp: 8%(5hp) Unknown command.
Throw: large rock
Press: ? - help, Shift-Dir - straight line, f - blacky4's ghost
Aim: blacky4's ghost, wielding a weapon of freezing (almost destroyed, umbra, 47% to hit)
You throw a large rock.
The large rock closely misses blacky4's ghost.
You hear a splash.
Blacky4's ghost hits you.
* * * LOW HITPOINT WARNING * * *
Blacky4's ghost freezes you.
* * * LOW HITPOINT WARNING * * *
Blacky4's ghost freezes you.
You are frozen.
You die...

##...#.##.# #######..
##.##.##.# ##.
#.##.##.# #. #.##.##.#
#. #.##.##.# #.
#.##.#).####### #.
#.##.#.##.....### #.
#.##.#..........# #.
##.#.#..###.@....# #.
#...###..####W'### #.
#..#.#.####.......# #.
#..##.## #~≈⌠.#.~## ##
#..##..# #≈#≈..~.#
#..###.# ##..$..#(####
#..###.######≈#.###..##
#........######## #...#
#.####.###..#
##..#######


You could see blacky4's ghost.

Vanquished Creatures
  A scorpion (D:4)
  A hound (D:4)
  3 jellies (D:2)
  An iguana (D:4)
  An orc wizard (D:4)
  Robin (D:3)
  3 gnolls
  5 adders
  A worm (D:4)
  8 dart slugs
  4 orcs
  9 ball pythons
  6 bats
  16 endoplasms
  6 giant cockroaches
  18 goblins
  4 hobgoblins
  4 jackals (D:1)
  12 kobolds
  3 quokkas
  A frilled lizard (D:2)
  3 rats
111 creatures vanquished.

Notes
Turn   | Place    | Note
-------+----------+-------------------------------------------
     0 | D:1      | Lexodia the Ogre Gladiator began the quest for the Orb.
     0 | D:1      | Reached XP level 1. HP: 22/22 MP: 1/1
    51 | D:1      | Found a faded altar of an unknown god.
    59 | D:1      | Prayed at the altar of an unknown god.
    59 | D:1      | Became a worshipper of Dithmenos the Shadowed
    59 | D:1      | Reached * piety under Dithmenos
    82 | D:1      | Reached XP level 2. HP: 29/29 MP: 2/2
   262 | D:1      | Reached XP level 3. HP: 27/37 MP: 3/3
   795 | D:2      | Reached skill level 1 in Stealth
   879 | D:2      | Reached XP level 4. HP: 38/48 MP: 4/4
   988 | D:2      | Reached ** piety under Dithmenos
  1099 | D:3      | Huge Dmg: 10 dmg
  1100 | D:3      | Huge Dmg: 7 dmg
  1105 | D:3      | Huge Dmg: 7 dmg
  1252 | D:2      | Huge Dmg: 9 dmg
  1317 | D:2      | Huge Dmg: 9 dmg
  1510 | D:2      | Reached XP level 5. HP: 45/54 MP: 5/5
  2305 | D:3      | Reached XP level 6. HP: 62/62 MP: 6/6
  2535 | D:3      | Reached *** piety under Dithmenos
  2684 | D:3      | Noticed Robin
  2751 | D:3      | Killed Robin
  3483 | D:4      | Huge Dmg: 10 dmg
  3591 | D:4      | Reached skill level 1 in Invocations
  3856 | D:4      | Reached XP level 7. HP: 64/70 MP: 6/8
  3908 | D:4      | Reached **** piety under Dithmenos
  3978 | D:4      | Found a large runed translucent door.
  3978 | D:4      | Found a large runed translucent door.
  3980 | D:4      | Noticed blacky4's ghost (novice DsIE)
  4298 | D:4      | Huge Dmg: 12 dmg
  4300 | D:4      | Huge Dmg: 15 dmg
  4302 | D:4      | Huge Dmg: 11 dmg
  4303 | D:4      | Huge Dmg: 4 dmg
  4304 | D:4      | HP: 3/70 [blacky4's ghost (1)]
  4304 | D:4      | Frozen to death by blacky4's ghost

Illustrated notes

Levels and vault maps discovered:
D:1:      pf_arrival_petrified_forest, layout_rooms,
          ebering_ecumenical_altar_webs
D:2:      cheibrodos_fertilizer, layout_basic
D:3:      layout_loops_corners, kennysheep_generic_room_8, uniq_robin
D:4:      layout_loops_ring, ebering_ghost_disaster_area

Skill      XL: |  1  2  3  4  5  6 |
---------------+-------------------+-----
Maces & Flails | 3 4 |  4.2
Fighting       | 3 4 |  4.0
Stealth        | 1 2 |  2.7
Dodging        | 3 |  3.4
Throwing       | 3 |  3.4
Invocations    | 1 |  1.5

Action                     |  1- 3 |  4- 6 |  7- 9 || total
---------------------------+-------+-------+-------++-------
  Melee: Flail             |   100 |       |       ||   100
         Short sword       |     8 |   289 |    17 ||   314
         Punch             |       |     3 |     1 ||     4
  Throw: Large rock        |       |       |     1 ||     1
   Stab: Sleeping          |     3 |     9 |       ||    12
 Armour: Robe              |    36 |    53 |     2 ||    91
  Dodge: Dodged            |    81 |   145 |     5 ||   231

Table legend: (Time is in decaauts)
 A = Elapsed time spent in this place.
 B = Non-inter-level travel time spent in this place.
 C = Inter-level travel time spent in this place.
 D = Time resting spent in this place.
 E = Time spent auto-exploring this place.
 F = Levels seen in this place.
 G = Mean time per level.
                   A        B        C        D        E       F      G
               +--------+--------+--------+--------+--------+-----+--------+
         Total |   4325 |   4148 |    177 |    410 |   2777 |   4 | 1081.2 |
       Dungeon |   4325 |   4148 |    177 |    410 |   2777 |   4 | 1081.2 |
               +--------+--------+--------+--------+--------+-----+--------+

Top non-repeatable levels by time:
     D:2: 1447 daAuts
     D:3: 1443 daAuts
     D:4: 768 daAuts
     D:1: 665 daAuts
